Map: Ruins of Seras

Players

LiquidBunny (Bunny) - Winner!

  • Race: Terran Terran
  • League: Grandmaster

AcerBly (Bly)

  • Race: Zerg Zerg
  • League: Grandmaster

Event: Homestory Cup XII

VOD

Have the link to the VOD?

Description

Time

  • Played on: Dec. 18, 2015, 11:24 a.m.
  • Length: 29:01

All games in this series

Show
View Real Time Build Order
Export as new Build Order

LiquidBunny Terran - Winner!

Build Orders: MMM Bio 

Get SALT Encoding   

  12  0:00  SCV  
  13  0:12  SCV  
  14  0:18  Supply Depot  
  14  0:24  SCV  
  15  0:39  SCV, Barracks  
  16  0:44  Refinery  
  16  0:51  SCV  
  17  1:03  SCV  
  18  1:15  SCV  
  19  1:27  Orbital Command  
  19  1:28  Barracks Reactor  
  19  1:42  Command Center  
  19  1:50  Supply Depot  
  19  1:54  SCV  
  20  2:04  Reaper x2  
  20  2:06  SCV  
  23  2:18  SCV  
  23  2:19  Refinery  
  24  2:30  SCV  
  24  2:35  Command Center  
  25  2:38  Reaper  
  25  2:41  Reaper  
  25  2:43  SCV  
  28  2:54  Orbital Command  
  28  2:55  SCV  
  29  3:08  SCV  
  29  3:12  Barracks  
  30  3:17  Bunker  
  31  3:20  SCV x2  
  31  3:24  Reaper x2  
  34  3:32  SCV  
  35  3:35  SCV  
  35  3:36  Barracks  
  35  3:44  SCV  
  35  3:47  SCV  
  37  3:48  Orbital Command  
  37  3:56  SCV  
  37  3:59  SCV  
  37  4:01  Marine x2  
  41  4:08  SCV  
  42  4:11  SCV  
  42  4:13  Factory  
  42  4:14  Barracks Tech Lab  
  42  4:16  SCV  
  44  4:20  SCV, Marine  
  44  4:23  SCV  
  47  4:27  Barracks Reactor  
  47  4:28  SCV  
  47  4:30  Marine  
  49  4:32  SCV, Marine  
  49  4:36  Stimpack  
  51  4:42  Engineering Bay  
  51  4:43  SCV, Engineering Bay  
  51  4:44  SCV  
  53  4:45  Marine  
  53  4:47  Marine  
  53  4:48  SCV  
  53  4:52  Marauder  
  56  5:03  Marine  
  56  5:04  Marine x2  
  56  5:05  Marine  
  54  5:13  Marine  
  31  5:21  Marine  
  31  5:22  Marine x2  
  31  5:23  Marine  
  28  5:31  Marine  
  22  5:39  Marine x3  
  22  5:43  SCV, Marine  
  22  5:47  Orbital Command  
  22  5:48  Orbital Command  
  23  5:51  Marine  
  23  5:53  SCV  
  21  6:01  SCV  
  21  6:02  Marine  
  20  6:12  SCV  
  20  6:13  SCV  
  20  6:14  SCV  
  23  6:23  Marine  
  23  6:24  SCV  
  25  6:27  Supply Depot  
  25  6:28  Marine  
  26  6:34  Marine  
  26  6:37  SCV  
  28  6:41  SCV x2  
  28  6:46  Marine  
  31  6:49  Marine  
  32  6:59  Marine x2  
  34  7:05  SCV x2  
  37  7:14  Factory Reactor, Starport  
  36  7:16  SCV  
  36  7:21  SCV  
  36  7:22  SCV  
  39  7:23  Marine  
  39  7:28  SCV  
  39  7:29  Marine  
  42  7:33  SCV, Marine  
  42  7:34  SCV  
  45  7:37  Combat Shields  
  45  7:40  SCV  
  45  7:42  Marine  
  47  7:46  SCV  
  47  7:47  SCV  
  47  7:49  Marine  
  50  7:54  SCV  
  50  7:57  Medivac  
  54  7:58  SCV  
  54  7:59  SCV  
  55  8:07  SCV, Medivac  
  55  8:12  SCV  
  58  8:13  SCV, Bunker  
  58  8:18  Refinery  
  59  8:21  SCV  
  59  8:22  Marine  
  59  8:23  Refinery  
  59  8:26  Supply Depot  
  61  8:29  SCV  
  61  8:30  SCV  
  61  8:33  SCV  
  64  8:37  Medivac  
  67  8:41  SCV  
  67  8:42  SCV  
  67  8:48  SCV  
  70  8:50  Supply Depot, Marine  
  70  8:51  Supply Depot  
  70  8:53  SCV  
  70  8:54  SCV  
  70  8:55  Marine  
  73  9:00  SCV  
  74  9:07  SCV  
  72  9:10  SCV, Marine  
  72  9:13  Factory Tech Lab  
  72  9:14  Terran Infantry Weapons Level 1  
  72  9:15  Marine x2  
  77  9:20  Missile Turret  
  77  9:21  Missile Turret, Marine x2  
  78  9:25  SCV  
  78  9:28  Marine  
  80  9:32  SCV  
  80  9:33  Marine x2  
  83  9:38  Terran Infantry Armor Level 1  
  83  9:39  Marine x2  
  83  9:41  SCV  
  82  9:45  Marine  
  82  9:51  Marine x2  
  72  9:57  Marine  
  72  9:58  Marine  
  66  10:03  Marine  
  60  10:08  Marine x2  
  62  10:14  Marine  
  62  10:16  Marine  
  62  10:21  Marine  
  62  10:26  Marine  
  63  10:32  Marine x2  
  65  10:38  Marine  
  65  10:39  Marine  
  60  10:48  Missile Turret  
  56  11:12  Siege Tank  
  56  11:16  SCV  
  60  11:24  Missile Turret  
  58  11:28  SCV  
  59  11:33  SCV  
  59  11:42  SCV  
  59  11:45  SCV  
  59  11:49  Medivac  
  59  11:52  Medivac  
  62  11:57  SCV  
  62  11:59  Marine  
  64  12:05  Marine  
  66  12:12  Siege Tank  
  66  12:14  SCV x2  
  69  12:18  SCV, Marine  
  69  12:26  SCV  
  69  12:27  SCV  
  69  12:28  Marine x2  
  72  12:30  Marine  
  72  12:33  SCV  
  74  12:38  SCV, Marine  
  74  12:40  Marine  
  74  12:45  SCV  
  74  12:46  Marine  
  74  12:47  SCV  
  74  12:51  Marine  
  76  12:54  Marine  
  76  12:56  SCV  
  67  13:06  Siege Tank  
  67  13:08  SCV  
  71  13:13  SCV  
  71  13:22  Marine x2  
  72  13:27  Orbital Command  
  72  13:29  Armory  
  72  13:33  SCV, Marine  
  72  13:38  SCV  
  72  13:41  Marine  
  76  13:53  SCV  
  76  13:54  SCV  
  77  13:58  Siege Tank  
  77  13:59  Missile Turret  
  77  14:02  SCV  
  80  14:07  Marine  
  77  14:13  SCV  
  77  14:15  Marine x2  
  77  14:16  SCV  
  80  14:22  SCV  
  80  14:23  Missile Turret  
  81  14:25  Marine  
  81  14:28  SCV  
  83  14:32  SCV  
  83  14:35  SCV  
  83  14:37  Marine  
  85  14:40  SCV  
  85  14:43  Marine  
  85  14:44  SCV  
  85  14:47  SCV  
  85  14:49  Marine x2  
  88  14:53  SCV  
  88  14:55  Marine x2  
  88  15:01  Marine  
  89  15:07  Marine x2  
  89  15:13  Marine x2  
  93  15:14  Supply Depot  
  93  15:19  Supply Depot, Marine  
  92  15:22  SCV  
  92  15:25  Marine x2  
  82  15:29  SCV  
  82  15:30  Marine  
  82  15:31  Marine  
  82  15:33  Missile Turret  
  82  15:35  SCV  
  85  15:36  Marine  
  85  15:41  SCV x2  
  88  15:43  Marine x2  
  88  15:48  Marine x2  
  92  15:54  Marine  
  92  15:55  SCV  
  93  16:00  SCV, Marine  
  93  16:01  Marine  
  96  16:06  Marine x2  
  96  16:09  Terran Infantry Weapons Level 2  
  98  16:12  Marine  
  98  16:15  Terran Infantry Armor Level 2  
  99  16:18  Marine x2  
  99  16:24  Marine x2  
  103  16:30  Marine  
  104  16:33  Refinery  
  104  16:35  SCV x2, Refinery  
  104  16:36  Marine x2  
  104  16:38  Siege Tank  
  111  16:40  SCV  
  111  16:42  Marine x2  
  114  16:48  Supply Depot, Marine  
  114  16:51  SCV x2  
  117  17:10  SCV, Marine x3  
  117  17:11  Marine  
  117  17:12  Marine  
  123  17:16  Siege Tank  
  97  17:25  SCV  
  97  17:27  Marine x3  
  97  17:29  Marine x2  
  98  17:36  Medivac  
  101  17:45  Marine x3  
  101  17:47  Marine x2  
  101  17:48  Siege Tank  
  105  18:03  Marine x3  
  105  18:05  Marine x2  
  104  18:07  Medivac  
  104  18:09  SCV  
  104  18:10  SCV  
  103  18:17  SCV  
  100  18:20  Siege Tank  
  100  18:21  Marine x3  
  100  18:23  Marine x2  
  106  18:39  Marine x3  
  106  18:41  Marine x2  
  111  18:49  Factory  
  111  18:51  Barracks  
  111  18:52  Siege Tank  
  114  18:56  Marine x3  
  114  18:58  Marine x2  
  114  19:01  SCV  
  120  19:04  Medivac  
  120  19:05  Medivac  
  124  19:12  SCV  
  124  19:14  Marine  
  124  19:16  Marine x3  
  125  19:20  Marine  
  124  19:25  Terran Infantry Weapons Level 3  
  122  19:32  Marine  
  122  19:34  Marine x2  
  125  19:48  Ghost Academy  
  125  19:57  Marine  
  125  20:01  Orbital Command  
  125  20:06  Marine  
  125  20:18  Barracks Tech Lab  
  125  20:20  Factory Tech Lab  
  125  20:21  Barracks  
  125  20:26  Marine  
  125  20:27  Marine  
  125  20:36  Marine  
  125  20:37  Marine x2  
  125  20:39  Medivac  
  125  20:40  Medivac  
  125  20:54  Marine  
  125  20:55  Marine  
  125  20:56  Marine  
  125  20:57  Marine  
  125  20:58  Marine  
  125  21:00  Siege Tank  
  125  21:03  Marine  
  125  21:11  Medivac  
  125  21:18  Marine  
  125  21:20  Barracks Tech Lab, Medivac, Siege Tank, Marine x2  
  125  21:21  Supply Depot  
  125  21:24  Supply Depot  
  130  21:27  Ghost  
  132  21:38  SCV  
  132  21:39  Supply Depot  
  133  21:41  Bunker  
  133  21:42  Ghost  
  133  21:43  Siege Tank  
  133  21:45  Ghost  
  140  21:50  Terran Infantry Armor Level 3  
  140  21:52  Marine x2  
  142  21:59  Ghost  
  141  22:10  Marine  
  141  22:11  Ghost, Marine  
  141  22:14  Ghost  
  141  22:15  Marine x2  
  143  22:28  Marine x2  
  143  22:29  Marine  
  134  22:33  Marine x2  
  134  22:40  Marine  
  131  22:51  Marine  
  130  23:00  Ghost  
  126  23:28  Ghost  
  126  23:32  Orbital Command  
  128  23:46  Missile Turret  
  128  24:00  Marine  
  129  24:09  SCV x2, Sensor Tower  
  131  24:18  Ghost  
  124  24:37  Ghost  
  118  24:45  Missile Turret  
  118  24:49  Ghost  
  118  24:52  Marine  
  120  24:54  Marine  
  120  24:57  Marine  
  121  25:01  SCV x2  
  121  25:05  SCV  
  112  25:13  SCV  
  112  25:14  SCV  
  112  25:21  SCV  
  112  25:26  SCV x2  
  115  25:35  Siege Tank  
  118  25:44  Marine  
  118  25:45  Marine  
  120  25:50  Siege Tank  
  120  25:52  Marine  
  120  25:53  Marine  
  120  25:54  Marine  
  126  26:01  Ghost  
  128  26:05  Marine  
  128  26:06  Marine  
  128  26:09  Medivac  
  132  26:16  Ghost  
  134  26:18  Orbital Command  
  134  26:25  Ghost  
  136  26:35  Ghost  
  133  26:40  Marine  
  133  26:45  Ghost  
  134  26:54  Siege Tank  
  134  26:55  Marine  
  134  26:59  Marine  
  137  27:10  Ghost  
  135  27:26  Marine  
  135  27:27  Ghost  
  120  27:48  Marine x2  
  121  27:56  Marine x2  
  112  28:12  Viking x2, Marine  
  110  28:13  Marine x5  
  110  28:16  Marine  
  114  28:36  Marine x2  
  114  28:40  Marine  
Show
View Real Time Build Order
Export as new Build Order

AcerBly Zerg 

Build Orders: Hatch First, Roach Nydus 

Get SALT Encoding   

  12  0:00  Drone  
  13  0:12  Overlord  
  13  0:18  Drone  
  14  0:31  Drone x2  
  16  0:37  Drone  
  17  0:53  Hatchery  
  16  1:01  Drone, Extractor  
  16  1:13  Spawning Pool  
  16  1:14  Drone  
  16  1:19  Drone  
  16  1:23  Drone  
  18  1:28  Drone  
  19  1:42  Overlord  
  19  1:59  Queen  
  19  2:00  Zergling x2  
  22  2:02  Zergling x2  
  22  2:03  Metabolic Boost  
  23  2:09  Queen  
  23  2:12  Drone  
  23  2:14  Drone  
  27  2:22  Drone x2  
  29  2:31  Drone  
  29  2:34  Drone  
  31  2:40  Lair  
  31  2:42  Overlord  
  31  2:52  Zergling x4  
  31  2:55  Queen  
  35  3:00  Drone  
  36  3:10  Drone x4, Extractor  
  39  3:19  Zergling x6  
  41  3:25  Roach Warren  
  39  3:48  Nydus Network  
  39  3:51  Queen  
  40  3:58  Overlord  
  40  4:02  Overlord  
  40  4:08  Roach x2  
  40  4:09  Overlord  
  43  4:20  Roach x3  
  49  4:28  Nydus Canal  
  49  4:39  Roach x2  
  49  4:40  Zergling x12  
  60  4:52  Zergling x4  
  60  4:53  Zergling x6  
  62  5:10  Zergling x8  
  58  5:17  Roach  
  58  5:18  Roach x3  
  60  5:24  Roach  
  53  5:30  Roach  
  49  5:36  Roach  
  48  5:43  Roach  
  48  5:44  Queen  
  41  6:03  Roach x4  
  43  6:05  Queen  
  43  6:09  Drone x2  
  49  6:18  Roach  
  49  6:25  Roach  
  51  6:27  Glial Reconstitution  
  51  6:28  Roach  
  53  6:37  Drone  
  54  6:45  Nydus Canal  
  54  6:54  Roach  
  54  6:55  Roach x5  
  66  7:03  Drone  
  66  7:07  Drone  
  64  7:11  Burrow  
  64  7:12  Drone  
  64  7:23  Overlord x2  
  64  7:24  Drone x2  
  66  7:30  Drone x2  
  68  7:39  Overlord x2  
  68  7:52  Roach x4  
  68  7:56  Tunneling Claws  
  76  7:59  Drone x3  
  76  8:04  Drone  
  80  8:12  Extractor  
  79  8:16  Extractor  
  79  8:18  Roach x2  
  82  8:26  Hatchery  
  81  8:33  Roach  
  81  8:34  Roach x5  
  93  8:54  Roach x3  
  99  8:56  Overlord  
  98  9:04  Nydus Canal  
  94  9:18  Roach x2  
  94  9:19  Roach  
  94  9:23  Roach x3  
  94  9:24  Roach x3  
  100  9:25  Roach x11  
  100  9:26  Roach  
  100  9:27  Roach x5  
  100  9:31  Evolution Chamber x2  
  98  9:40  Hatchery, Roach  
  98  9:41  Drone x2, Roach x12  
  98  9:42  Drone  
  100  9:55  Drone x3, Roach x4  
  100  9:56  Roach x3  
  100  9:57  Nydus Canal, Roach x3  
  103  10:04  Roach x2  
  103  10:05  Roach x2  
  89  10:07  Roach  
  89  10:12  Roach x7  
  99  10:17  Nydus Canal  
  95  10:22  Roach  
  95  10:27  Roach x3  
  93  10:30  Roach x2  
  93  10:31  Roach  
  93  10:32  Roach x2  
  89  10:49  Roach x3  
  81  10:53  Drone x4  
  81  10:54  Roach x2  
  81  10:57  Zerg Missile Weapons Level 1, Drone, Zerg Ground Armor Level 1  
  81  10:58  Roach x3  
  81  11:00  Ravager x3  
  85  11:15  Roach x3  
  83  11:19  Drone x8  
  83  11:25  Nydus Canal  
  87  11:30  Roach x3  
  87  11:54  Queen  
  85  11:56  Roach x7  
  85  12:01  Nydus Canal  
  101  12:10  Infestation Pit, Roach x3  
  101  12:11  Roach  
  105  12:18  Roach x3  
  105  12:25  Nydus Canal  
  102  12:32  Roach  
  98  12:40  Roach x4  
  98  12:41  Roach  
  98  12:43  Drone x2  
  107  12:45  Roach x7  
  92  12:56  Drone x3  
  92  12:57  Drone x5, Roach x6  
  91  13:10  Drone  
  80  13:25  Nydus Canal  
  80  13:26  Roach x2  
  80  13:31  Ravager x2, Roach x7  
  82  13:45  Infestor  
  82  13:46  Infestor x2  
  82  13:47  Infestor  
  89  13:55  Drone x3  
  92  14:18  Drone x3, Roach  
  92  14:19  Drone x4  
  92  14:20  Roach x10  
  101  14:27  Nydus Canal  
  98  14:35  Zerg Ground Armor Level 2  
  98  14:36  Roach x7  
  91  14:58  Roach  
  89  15:01  Roach x7  
  89  15:05  Drone x8  
  89  15:06  Drone x5  
  102  15:08  Extractor x2  
  102  15:12  Zerg Missile Weapons Level 2  
  100  15:27  Roach x5  
  104  15:29  Roach  
  96  15:39  Roach  
  96  15:40  Roach x4  
  103  15:57  Roach x6  
  103  15:58  Overlord  
  113  16:07  Overlord  
  113  16:08  Overlord  
  109  16:24  Roach  
  109  16:25  Roach x5  
  121  16:27  Roach  
  123  16:38  Spore Crawler  
  122  16:41  Roach x4  
  130  16:50  Nydus Canal  
  130  16:58  Hive  
  116  17:25  Roach  
  116  17:26  Roach x9  
  134  17:33  Nydus Canal  
  133  17:48  Overlord  
  133  17:49  Roach x2  
  133  17:50  Drone, Roach x3  
  133  17:51  Drone x6, Roach x2  
  129  18:09  Roach x3  
  129  18:12  Drone x6  
  127  18:26  Ultralisk Cavern  
  116  18:47  Infestor x2  
  120  18:51  Roach x2  
  119  19:07  Hatchery  
  118  19:15  Chitinous Plating  
  118  19:18  Ultralisk x2  
  128  19:32  Ultralisk  
  128  19:33  Overlord  
  138  19:52  Ultralisk  
  138  20:11  Ultralisk  
  138  20:12  Overlord  
  144  20:19  Overlord  
  143  20:38  Ultralisk x2  
  143  20:40  Infestor  
  155  20:53  Drone x3  
  136  21:12  Nydus Canal  
  136  21:36  Nydus Canal  
  136  21:44  Roach x5  
  136  21:46  Ultralisk x2  
  148  21:47  Drone  
  148  21:48  Drone x4  
  148  21:49  Roach x5  
  148  21:50  Roach  
  153  22:13  Spire  
  138  22:29  Roach x7  
  152  22:34  Nydus Canal  
  147  22:52  Roach  
  147  22:53  Overlord, Roach x5  
  153  23:11  Drone x3  
  153  23:12  Drone x2  
  142  23:33  Hatchery  
  141  23:36  Hatchery  
  140  23:56  Greater Spire  
  140  23:57  Roach x6  
  138  24:08  Roach x14  
  136  24:19  Roach x4  
  132  24:38  Roach x4  
  117  24:41  Corruptor x2  
  117  24:42  Corruptor x2  
  117  24:43  Corruptor  
  126  24:56  Extractor  
  126  24:57  Extractor  
  116  25:13  Overseer  
  116  25:29  Hatchery  
  116  25:33  Brood Lord  
  117  25:37  Brood Lord  
  117  25:41  Spawning Pool  
  118  26:01  Brood Lord  
  118  26:03  Overseer  
  120  26:08  Drone x2  
  122  26:15  Brood Lord  
  122  26:18  Roach x2  
  124  26:23  Roach x2  
  124  26:25  Roach  
  125  26:28  Hatchery, Roach, Brood Lord  
  121  26:54  Roach  
  121  26:55  Roach x12  
  147  27:13  Overseer  
  147  27:15  Overseer x2  
  141  27:25  Zergling x2  
  141  27:26  Zergling x14  
  129  27:46  Roach  
  129  27:47  Roach x4  
  139  27:53  Extractor  
  93  28:07  Roach  
  93  28:08  Roach x2  
Tags
 
Add a new tag
Caveats
  • Supply blocks, unpowered buildings, or Contaminate may cause inaccurate times.
  • Supply counts are checked every 10 seconds.